Cogmind - Beta 10.2 @@@ ROGUE MODE // 2020.12.07 @ 13:40:40 Player: NinjaBub504 Result: Destroyed by S-10 Pest with Light Assault Rifle Performance ------------- Evolutions (1) 500 Regions Visited (2) 400 Robots Destroyed (55) 275 Value Destroyed (1338) 1338 Prototype IDs (0) 0 Alien Tech Used (0) 0 Bonus (74) 74 TOTAL SCORE: 2587 Bonus ------- High Alert Combat Kills 74 Cogmind --------- Core Integrity 0/400 Matter 300/300 Energy 99/100 System Corruption 0% Temperature Cool (0) Movement Core (50) Location -9/Materials Parts ------- > --- POWER (2) -------- (None) > --- PROPULSION (2) --- (None) > --- UTILITY (3) ------ Visual Processing Unit Improved Signal Interpreter Core Shielding > --- WEAPON (2) ------- (None) > --- INVENTORY (4) ---- Heat Sink Heat Sink Heat Sink Peak State ------------ > --- POWER ------------ Ion Engine > --- PROPULSION ------- Airjet Airjet > --- UTILITY ---------- Weight Redist. System Targeting Computer Power Shielding > --- WEAPON ----------- Pulse Rifle Shotgun > --- INVENTORY -------- Flight Unit [Rating: 16] Favorites ----------- Power Ion Engine Engine Ion Engine Propulsion Wheel Treads Light Treads Wheel Wheel Hover Unit Airjet Flight Unit Flight Unit Utility Targeting Computer Device Integration Mediator Storage Small Storage Unit Processor Targeting Computer Protection Power Shielding Weapon Heavy Assault Rifle Energy Gun Pulse Rifle Energy Cannon Particle Cannon Ballistic Gun Heavy Assault Rifle Impact Weapon Mace Slashing Weapon Katana Build | -11 -10 -9 ------- Run | Scr Mat Mat Slots Evolved 2 | . . 2 Power 1 | . . 1 Propulsion . | . . . Utility 1 | . . 1 Weapon . | . . . Parts Attached 45 | 8 9 28 Power 8 | 1 3 4 Engine 8 | 1 3 4 Core . | . . . Reactor . | . . . Propulsion 11 | 2 1 8 Treads 1 | . . 1 Leg . | . . . Wheel 6 | 2 . 4 Hover 2 | . . 2 Flight 2 | . 1 1 Utility 12 | 3 3 6 Device 4 | 2 . 2 Storage 1 | . 1 . Processor 4 | 1 1 2 Hackware . | . . . Protection 3 | . 1 2 Artifact . | . . . Weapon 14 | 2 2 10 Energy Gun 4 | . 2 2 Energy Cannon 1 | . . 1 Ballistic Gun 7 | 2 . 5 Ballistic Cannon . | . . . Launcher . | . . . Special Weapon . | . . . Impact Weapon 1 | . . 1 Slashing Weapon 1 | . . 1 Piercing Weapon . | . . . Special Melee Weapon . | . . . Unidentified Prototypes . | . . . Parts Lost 24 | . 5 19 Power 5 | . 2 3 Propulsion 8 | . 1 7 Utility 3 | . . 3 Weapon 8 | . 2 6 Highest Loss Streak 6 | . 2 6 Average Slot Usage (%) 82 | . 89 80 Engine 14 | . 12 15 Treads 1 | . . 2 Wheel 9 | . 17 7 Hover 3 | . . 4 Flight 2 | . 7 1 Device 2 | . 2 2 Storage 1 | . 8 . Processor 13 | . 11 13 Protection 11 | . 3 13 Energy Gun 3 | . 4 3 Energy Cannon 1 | . . 1 Ballistic Gun 13 | . 20 12 Slashing Weapon 1 | . . 1 Naked Turns . | . . . Heaviest Build 22 | 7 12 22 Greatest Support 32 | 20 20 32 Greatest Overweight (x) 6 | . 1 6 Average Overweight (x) . | . . . Largest Inventory Capacity 6 | 4 6 4 Average Capacity 4 | 4 5 4 Most Carried 4 | 2 2 4 Average Carried 1 | . . 2 Final Capacity 4 | 4 4 4 Final Carried 3 | 1 . 3 Class Distribution -------------------- 68% | Mutant 31% | Scavenger-Mutant Dominant Class ---------------- Mutant | -10/Materials Mutant | -9/Materials Resources | -11 -10 -9 ----------- Run | Scr Mat Mat Matter Collected 1211 | 328 184 699 Remotely . | . . . Salvage Created 1792 | 118 335 1339 Parts 128 | 9 22 97 Haulers Intercepted . | . . . Recyclers Shooed 4 | . . 4 Parts Field Recycled . | . . . Retrieved Matter . | . . . Parts Self-Destructed . | . . . Prevented . | . . . Kills | -11 -10 -9 ------- Run | Scr Mat Mat Combat Hostiles Destroyed 39 | 1 12 26 Guns 36 | 1 12 23 Cannons 3 | . . 3 Classes Destroyed 9 | 3 1 5 Worker 2 | 1 . 1 Builder 5 | . . 5 Tunneler 3 | 3 . . Recycler 2 | . . 2 Watcher 4 | . . 4 Swarmer 9 | . 6 3 Grunt 24 | 1 6 17 Duelist 1 | . . 1 Sentry 5 | . . 5 Best Kill Streak 7 | 4 3 7 Combat Bots Only 7 | 1 3 7 Max Kills in Single Turn 1 | 1 1 1 Gunslinging . | . . . Exploded . | . . . Melee . | . . . Uniques/NPCs Destroyed . | . . . Combat | -11 -10 -9 -------- Run | Scr Mat Mat Damage Taken 2219 | 64 460 1695 Core 522 | . 120 402 Absorbed by Shields . | . . . Core Remaining (%) 76 | 100 52 . Volleys Fired 185 | 16 49 120 Largest 2 | 2 2 2 Hottest 86 | 40 85 86 Shots Fired 258 | 20 63 175 Gun 232 | 20 63 149 Cannon 26 | . . 26 Launcher . | . . . Special . | . . . Kinetic 215 | 20 55 140 Thermal 43 | . 8 35 Explosive . | . . . Electromagnetic . | . . . Robot Hit Streak 12 | 5 9 12 Robot Miss Streak 7 | 3 7 6 Penetration Max . | . . . Secondary Targets 5 | . . 5 Max Gunslinging Chain 1 | . . 1 Shots Hit Robots 157 | 14 37 106 Core Hits 85 | 6 19 60 Critical Hits . | . . . Critical Kills . | . . . Critical Parts Destroyed . | . . . Melee Attacks 2 | . . 2 Impact 2 | . . 2 Slashing . | . . . Piercing . | . . . Sneak Attacks . | . . . Combat Hostiles . | . . . Follow-up Attacks . | . . . Damage Inflicted 2414 | 164 437 1813 Guns 2055 | 164 437 1454 Cannons 330 | . . 330 Explosions . | . . . Melee 23 | . . 23 Ramming 6 | . . 6 Kinetic 1872 | 164 361 1347 Thermal 513 | . 76 437 Explosive . | . . . Electromagnetic . | . . . Impact 23 | . . 23 Slashing . | . . . Piercing . | . . . Highest Corruption 1 | . 1 . Average Corruption 1 | . 1 . Corruption Purged . | . . . Effects 3 | . 3 . Message Errors 1 | . 1 . Data Loss (minor) 2 | . 2 . Overload Shots . | . . . Overflow Damage . | . . . Projectiles . | . . . Explosions . | . . . Melee . | . . . Knockbacks . | . . . Impact . | . . . Kinetic . | . . . Secondary . | . . . Self-Inflicted Damage 2 | . . 2 Shots . | . . . Rammed 6 | . . 6 Targets Rammed 6 | . . 6 Kicked . | . . . Crushed . | . . . Highest Temperature 228 | 6 228 206 Average Temperature 55 | 6 108 50 Received Heat Transfer 741 | 36 147 558 Siege Activations . | . . . Robots Corrupted . | . . . Combat Hostiles . | . . . Parts Fried . | . . . Impact Corruptions . | . . . Robots Melted . | . . . Combat Hostiles . | . . . Parts Melted . | . . . Heat Transferred 1012 | . 185 827 Parts Sabotaged . | . . . Parts Stolen . | . . . Parts Stripped . | . . . Power Chain Reactions . | . . . Missiles Intercepted . | . . . Alert | -11 -10 -9 ------- Run | Scr Mat Mat Peak Influence 547 | 40 275 547 Initial 115 | . 26 115 Average 280 | 12 165 336 Maximum Alert Level 2 | . 1 2 Low Security (%) 32 | 100 53 20 Level 1 37 | . 46 38 Level 2 30 | . . 41 Level 3 . | . . . Level 4 . | . . . Level 5 . | . . . High Security . | . . . Max Security . | . . . Squads Dispatched 9 | . 1 8 Investigation 8 | . 1 7 Extermination . | . . . Reinforcement 1 | . . 1 Assault . | . . . Garrison . | . . . Intercept . | . . . Construction Impeded . | . . . Haulers Reinforced . | . . . Stealth | -11 -10 -9 --------- Run | Scr Mat Mat Distress Signals 1 | . . 1 Communications Jammed . | . . . Distress Signals . | . . . Times Spotted 52 | 1 12 39 Peak Tracking Total 7 | 1 3 7 Tactical Retreats 1 | . . 1 Traps | -11 -10 -9 ------- Run | Scr Mat Mat Traps Triggered 3 | . 1 2 Indirectly . | . . . Trap Hack Attempts . | . . . Triggered . | . . . Disarmed . | . . . Reprogrammed 1 | . . 1 Reused . | . . . Traps Extracted . | . . . Installed . | . . . Triggered . | . . . Machines | -11 -10 -9 ---------- Run | Scr Mat Mat Machines Disabled 1 | . . 1 Max in Single Turn 1 | . . 1 Machines Sabotaged . | . . . Garrisons Compromised . | . . . Overloaded Fab Kills . | . . . Fab Network Shutdowns . | . . . Hacking | -11 -10 -9 --------- Run | Scr Mat Mat Machines Accessed 10 | . 3 7 Terminals 7 | . 2 5 Fabricators . | . . . Repair Stations 1 | . . 1 Recycling Units 2 | . 1 1 Scanalyzers . | . . . Garrison Access . | . . . Total Hacks 39 | . 11 28 Successful 23 | . 7 16 Failed 16 | . 4 12 Catastrophic 3 | . 1 2 Database Lockouts . | . . . Manual 1 | . 1 . Terminals 26 | . 6 20 Fabricators . | . . . Repair Stations 3 | . . 3 Recycling Units 10 | . 5 5 Scanalyzers . | . . . Garrison Access . | . . . Terminal Hacks 13 | . 2 11 Record 2 | . . 2 Robot Analysis 1 | . . 1 Alert Level 3 | . 1 2 Unreport Threat 1 | . . 1 Locate Traps 2 | . 1 1 Reprogram Traps 2 | . . 2 Dispatch Records 1 | . . 1 Zone Layout 1 | . . 1 Fabricator Hacks . | . . . Repair Station Hacks 2 | . . 2 Scan Component 1 | . . 1 Repair 1 | . . 1 Recycling Unit Hacks 8 | . 5 3 Recycle Component 1 | . . 1 Process 3 | . 2 1 Report Inventory 1 | . 1 . Retrieve Matter 2 | . 1 1 Retrieve Components 1 | . 1 . Scanalyzer . | . . . Garrison Access Hacks . | . . . Unauthorized Hacks . | . . . Terminals . | . . . Fabricators . | . . . Repair Stations . | . . . Recycling Units . | . . . Scanalyzers . | . . . Garrison Access . | . . . Data Cores Recovered . | . . . Used . | . . . Hacking Detections 9 | . 2 7 Full Trace Events 8 | . 2 6 Feedback Events 1 | . 1 . Corruption 1 | . 1 . Feedback Blocked . | . . . Robot Schematics Acquired . | . . . Robots Built . | . . . Matter . | . . . Time . | . . . Total Robot Build Rating . | . . . Part Schematics Acquired . | . . . Parts Built . | . . . Matter . | . . . Time . | . . . Total Part Build Rating . | . . . Parts Repaired 1 | . . 1 Time 26 | . . 26 Parts Recycled 1 | . . 1 Recycled Matter 150 | . 2 148 Retrieved Matter 155 | . 2 153 Retrieved Components . | . . . Parts Scanalyzed . | . . . Part Schematics Acquired . | . . . Parts Damaged . | . . . Bothacking | -11 -10 -9 ------------ Run | Scr Mat Mat Used RIF Installer . | . . . Robots Hacked . | . . . Non-combat . | . . . Combat . | . . . Robot Hacks Applied . | . . . Relay Couplers Released . | . . . Robots Rewired . | . . . Allies Hacked . | . . . Hacks Repelled . | . . . Allies | -11 -10 -9 -------- Run | Scr Mat Mat Total Allies . | . . . Largest Group . | . . . Highest-Rated Group . | . . . Highest-Rated Ally . | . . . Total Orders . | . . . Ally Attacks . | . . . Total Damage . | . . . Kills . | . . . Allies Corrupted . | . . . Allies Melted . | . . . Intel | -11 -10 -9 ------- Run | Scr Mat Mat Robot Analysis Total 1 | . . 1 Derelict Logs Recovered . | . . . Drone Launches . | . . . Drone Recoveries . | . . . Exploration | -11 -10 -9 ------------- Run | Scr Mat Mat Turns Passed 1654 | 115 321 1218 Spaces Moved 1011 | 87 205 719 Core 93 | 18 . 75 Treads 33 | . . 33 Legs . | . . . Wheels 681 | 69 205 407 Hover 159 | . . 159 Flight 45 | . . 45 Fastest Speed 45 | 50 80 45 Average Speed 102 | 73 81 111 Slowest Speed 360 | 80 90 360 Overloaded Moves . | . . . Propulsion Burnouts . | . . . Robots Hopped . | . . . Cave-ins Triggered . | . . . Exploration Rate (%) 29 | 5 31 51 Regions Visited 2 Branch Regions . Pre-discovered Areas . | . . . Known Exits Taken . | . . . Unknown Exits Taken 2 | 1 1 . Scrap Searched . | . . . Spaces Dug . | . . . Terrain Destroyed . | . . . Melee . | . . . Projectile . | . . . AOE . | . . . Terrain Rammed . | . . . Walls Destroyed . | . . . Machines Disabled . | . . . Actions | -11 -10 -9 --------- Run | Scr Mat Mat Total 1395 | 119 301 975 Wait 80 | . 23 57 Move 1009 | 86 204 719 Hop . | . . . Pick Up 48 | 8 10 30 Fast Attach 1 | . . 1 Attach 43 | 8 9 26 Detach 4 | 1 1 2 Swap 1 | . . 1 Drop 16 | . 5 11 Fire 185 | 16 49 120 Melee 2 | . . 2 Ram 6 | . . 6 Kick . | . . . Crush . | . . . Escape Stasis . | . . . Rewire . | . . . Trap . | . . . Miscellaneous . | . . . Route ------- -11/Scrapyard -10/Materials -9/Materials (discovered 1 exit: *Mat) History --------- Turn | Location | Event 2 | -11/Scrapyard | Met Revision 17 60 | -11/Scrapyard | Discovered new exit (range 8) 116 | -11/Scrapyard | Entered Materials 316 | -10/Materials | Build established: Mutant 386 | -10/Materials | Discovered new exit (range 8) 437 | -10/Materials | Entered another Materials area 437 | -9/Materials | Evolved 2 slots: Power x1, Utility x1 532 | -9/Materials | Repaired Ion Engine 635 | -9/Materials | Destroyed 7 combat bots 1088 | -9/Materials | Discovered new exit (range 3) 1166 | -9/Materials | Lost 3 parts (2n1u) 1301 | -9/Materials | Core integrity fell below 50% 1384 | -9/Materials | Lost 6 parts (2p1n3w) 1618 | -9/Materials | Core integrity fell below 20% 1650 | -9/Materials | Lost 5 parts (1p2n2w) 1655 | -9/Materials | Identified exit to Materials 1655 | -9/Materials | Destroyed by S-10 Pest with Light Assault Rifle Last Messages --------------- Y-45 Defender destroyed. Com. Wheel destroyed. Particle Cannon destroyed. Lgt. Ion Engine destroyed. Connecting with Terminal... [Achievement: Everything Is Under Control] >>Alert(Purge) Purged threat record, alert level lowered. >>Query(Repair Station) Self-contained repair facility capable of restoring the integrity of damaged components. Serious internal issues such as prototype malfunction and component deterioration are beyond the scope of repair. Advanced repair stations can complete complex tasks more quickly. >>Alert(Check) Current Alert Level: 1-Q >>Traps(Reprogram) No applicable traps found in local area. ALERT: Suspicious activity at Terminal M008. Dispatching Investigation squad. EXIT=IDENTIFIED: MATERIALS Map ----- +----------------------------------------------------+ | #???????# #???"#????## ### / | | #???????# #???######## #?# *[ | | #???????# #??? # #?# | | #???????# ###? + #?# #####/######## | | #???????# ?? # #?####### [#?# | | ######??# #???######## ######### #?# | | # #??# ############ # # """ """ #?# | | ####% ## # # """"" # """ """ #?# | | + # # ""T"" # """ """ ### | | # ## # # # # + | | ##+#### # + + ############### | | %+ / # # #?????????????# | | #+###### #s # #?????????????? | | # ????# # #########?????????????? | | # ????# # # #??????????????# | | # ???###########ss # #?????????????## | | # ?????????????# r# #########?????# | | # """????????????# %k/ """ ###!!!!##??????# | | # """????????????#% %# """ ##! !#??????# | | # """ ???????????# t# """ ##! !#??????# | | ####/#######???????????# %########### #??????# | | ???#%#?????????????????# # ## ######## | | ??? =*?????????????????# # ## | | ??? ????????????????# # ## | | ?? = ???????????????# + % ## %##+##### | | ??!% ??????????????# @ # ### ## | | ? ?????????????# < # ! =#?# ## | | ? #?##????????????# # = !!% #?# ## """ "" | | ###+####???????????????##### % !! ### / """ "" | | ???????????????????????????# % %+ ## """ "" | | ???????????????????????????############+### """ "" | | ??????????????????????????????# # """ "" | | ??????????????????????????????# """ # | | ??????????????????????????????# "Y" #######? | | ??????????????????????????????# % """ #??????? | | ??????????????????????????????# """ #??????? | | ??????????????????????????????# """ #??????? | | ??????????????????????????????# #??????? | | ??????????????????????????????#############??????? | | | | | | | | | | | | | | | | | | | | | | | +----------------------------------------------------+ Best States ------------- Heat Dissipation 35 Energy Generation 17 Energy Capacity 415 Matter Stores 300 Matter Capacity 300 Sight Range 18 Terrain Scan Range 16 Terrain Scan Density 60 Additional Mass Support 6 Armor Coverage 150 Core Shielding 20 Power Shielding 33 Evasion (%) 61 Targeting Accuracy 5 Recoil Reduction 1 Item Schematics ----------------- None Robot Schematics ------------------ None Fabricated ------------ Nothing Alien Tech Used ----------------- None Achievements -------------- Everything Is Under Control Storm Trooper Challenges ------------ None Game ------ Seed GaussBehemothCarapace Manual? 0 Play Time 00:29:16 Cumulative 2.1 hours Start 2020.12.07 @ 13:13:21 End 2020.12.07 @ 13:40:40 Sessions 1 Manual Loads 0 Difficulty Rogue Special Mode None Game No. 3 Rogue 3 Adventurer 0 Explorer 0 Win Type - Total 0 Types 0/0/0/0/0/0/0/0/0 Lore% 1 Gallery% 4 Achievement% 5 Wizard Run 0 Options --------- ASCII 0 Keyboard 0 Movement Mouse Keybinds 0 Fullscreen 2 Font 16/Terminus Map View 76x50 Tactical HUD 0 Map Filters NONE Filters NONE Steam 1 RUN: a89a5c44-3b69-44bf-be4f-621a8980ae67